 Dungeon Crawl Stone Soup version 0.29-a0-23-ga79f92ac9c (webtiles) character file.

Game seed: 10450276982506729614

274388 Grim the Holy Warrior (level 19, -10/174 HPs)
             Began as a Minotaur Fighter on Jan 30, 2022.
             Was a Priest of the Shining One.
             Mangled by a spark wasp (13 damage)
             ... on level 2 of the Depths.
             The game lasted 02:11:46 (69238 turns).

Grim the Holy Warrior (Minotaur Fighter)           Turns: 69238, Time: 02:11:47

Health: -10/174    AC: 20    Str: 27    XL:     19   Next: 53%
Magic:  6/31       EV: 18    Int: 11    God:    the Shining One [***...]
Gold:   3302       SH: 35    Dex: 10    Spells: 17/18 levels left

rFire   + . .      SeeInvis +   N - +5 spear (freeze)
rCold   + . .      Faith    .   Y - +0 tower shield
rNeg    + . .      Spirit   .   C - quicksilver dragon scales
rPois   +          Reflect  +   a - +1 hat {SInv}
rElec   .          Harm     .   X - scarf {rC+ rF+}
rCorr   .          Rampage  .   z - +1 pair of gloves {infuse}
Will    +++..      Clarity  +   i - +0 pair of boots {Stlth+}
Stlth   +.........              w - amulet "Rukhlen Xuepu" {Reflect Str+4 SH+5}
HPRegen 0.39/turn               n - ring "Luakiu" {EV+4 Slay+3}
MPRegen 0.22/turn               b - ring of poison resistance

@: divinely shielded, glowing
A: horns 2, retaliatory headbutt, clarity, strong-willed 1
}: 2/15 runes: decaying, gossamer
a: Renounce Religion, Divine Shield, Cleansing Flame


You were on level 2 of the Depths.
You worshipped the Shining One.
The Shining One was most pleased with you.
You visited 7 branches of the dungeon, and saw 34 of its levels.
You also visited: Bailey.

You collected 4995 gold pieces.
You spent 1693 gold pieces at shops.

Inventory:

Hand Weapons
 N - a +5 spear of freezing (weapon)
Missiles
 h - a silver boomerang
 j - 56 poisoned darts
 y - 10 boomerangs (quivered)
 J - 6 curare-tipped darts
 T - 5 javelins
Armour
 a - a +1 hat of see invisible (worn)
 i - a +0 pair of boots of stealth (worn)
 z - a +1 pair of gloves of infusion (worn)
 C - quicksilver dragon scales (worn)
 X - a scarf of resistance (worn)
 Y - a +0 tower shield (worn)
Jewellery
 b - a ring of poison resistance (right hand)
 n - the ring "Luakiu" (left hand) {EV+4 Slay+3}
   (You bought it in a shop on level 1 of the Orcish Mines)

   [ring of evasion]

   EV:        It affects your evasion (+4).
   Slay:      It affects your accuracy & damage with ranged weapons and melee
   (+3).
 t - a ring of resist corrosion
 w - the amulet "Rukhlen Xuepu" (around neck) {Reflect Str+4 SH+5}
   (You bought it in a shop on level 1 of the Orcish Mines)

   [amulet of reflection]

   It reflects blocked missile attacks.
   Str:       It affects your strength (+4).
   SH:        It affects your SH (+5).
 P - a ring of protection from fire
 V - a ring of willpower
 Z - a ring of protection from cold
Wands
 r - a wand of paralysis (18)
 O - a wand of charming (17)
 S - a wand of iceblast (2)
 U - a wand of mindburst (7)
 W - a wand of acid (10)
Scrolls
 g - 8 scrolls of enchant armour
 k - 6 scrolls of magic mapping
 l - 5 scrolls of amnesia
 o - 6 scrolls of teleportation
 q - 9 scrolls of immolation
 s - 5 scrolls of fog
 u - 7 scrolls of enchant weapon
 v - a scroll of fear
 x - a scroll of holy word
 A - a scroll of summoning
 E - 9 scrolls of vulnerability
 H - a scroll of torment
 M - 5 scrolls of silence
 R - 3 scrolls of blinking
Potions
 c - a potion of flight
 e - 20 potions of curing
 f - 2 potions of might
 m - 9 potions of brilliance
 p - 4 potions of heal wounds
 B - 2 potions of berserk rage
 D - 3 potions of cancellation
 F - 5 potions of magic
 G - 5 potions of haste
 I - a potion of invisibility
 K - 2 potions of resistance
 Q - 9 potions of ambrosia
Miscellaneous
 d - a box of beasts
 L - a phial of floods


   Skills:
 - Level 16.7 Fighting
 - Level 14.0 Polearms
 - Level 11.0 Throwing
 - Level 15.0 Armour
 + Level 16.6 Dodging
 - Level 13.2 Shields
 + Level 19.4 Invocations
 - Level 10.4 Evocations


You had 17 spell levels left.
You knew the following spells:

 Your Spells              Type           Power      Damage    Failure   Level
a - Apportation           Tloc           0%         N/A       90%         1

Your spell library contained the following spells:

 Spells                   Type           Power      Damage    Failure   Level
 Animate Skeleton         Necr           0%         N/A       90%         1
 Beastly Appendage        Tmut           0%         N/A       90%         1
 Magic Dart               Conj           0%         1d3       90%         1
 Sting                    Tmut/Pois      0%         1d3       90%         1
 Summon Small Mammal      Summ           0%         N/A       90%         1
 Poisonous Vapours        Pois/Air       0%         N/A       97%         2
 Searing Ray              Conj           0%         2d4       97%         2
 Sublimation of Blood     Necr           0%         N/A       97%         2
 Wereblood                Tmut           0%         N/A       97%         2
 Call Canine Familiar     Summ           0%         N/A       99%         3
 Frozen Ramparts          Ice            0%         1d2       99%         3
 Gell's Gravitas          Tloc           0%         N/A       99%         3
 Inner Flame              Hex/Fire       0%         N/A       99%         3
 Lesser Beckoning         Tloc           0%         N/A       99%         3
 Portal Projectile        Hex/Tloc       0%         N/A       99%         3
 Spider Form              Tmut/Pois      0%         N/A       99%         3
 Stone Arrow              Conj/Erth      0%         3d7       99%         3
 Summon Guardian Golem    Hex/Summ       0%         N/A       99%         3
 Teleport Other           Tloc           0%         N/A       99%         3
 Animate Armour           Summ/Erth      0%         N/A       100%        4
 Cause Fear               Hex            0%         N/A       100%        4
 Fulminant Prism          Conj/Hex       0%         3d6       100%        4
 Ice Form                 Ice/Tmut       0%         N/A       100%        4
 Leda's Liquefaction      Hex/Erth       0%         N/A       100%        4
 Olgreb's Toxic Radiance  Pois           0%         N/A       100%        4
 Summon Ice Beast         Ice/Summ       0%         N/A       100%        4
 Dispersal                Tloc           0%         N/A       100%        6
 Malign Gateway           Summ/Tloc      0%         N/A       100%        7
 Orb of Destruction       Conj           0%         9d5       100%        7
 Spellforged Servitor     Conj/Summ      0%         N/A       100%        7
 Summon Hydra             Summ           0%         N/A       100%        7
 Discord                  Hex            0%         N/A       100%        8
 Disjunction              Tloc           0%         N/A       100%        8
 Lehudib's Crystal Spear  Conj/Erth      0%         10d2      100%        8
 Summon Horrible Things   Summ           0%         N/A       100%        8


Dungeon Overview and Level Annotations

Branches:
Dungeon (15/15)            Temple (1/1) D:6            Lair (6/6) D:11
  Swamp (4/4) Lair:4       Spider (4/4) Lair:2        Slime (0/5) Lair:5
    Orc (2/2) D:11            Elf (0/3) Orc:2        Vaults (0/5) D:14
 Depths (2/4) D:15         Bailey (visited)

Altars:
Ashenzari
Cheibriados
Dithmenos
Elyvilon
Fedhas
Gozag
Hepliaklqana
Kikubaaqudgha
Makhleb
Nemelex Xobeh
Okawaru
Qazlal
Ru
Sif Muna
Trog
Uskayaw
Vehumet
Wu Jian
Xom
Yredelemnul
Zin
The Shining One
Beogh
Lugonu

Shops:
D:4 :   D:5 !   D:8 :   D:9 :   D:14 :   Orc:1 ([(=   Orc:2 ?==*

Portals:
Hell: Depths:1 Depths:2
Abyss: D:13 Depths:1
Pandemonium: Depths:2

Annotations:
D:6 3 runed translucent doors, Lekart's ghost, novice DrAK
D:13 2 transporters, Grim's ghost, journeyman KoBr
D:15 Roxanne
Lair:4 3 runed translucent doors, Niulora's ghost, journeyman TeCj


Innate Abilities, Weirdness & Mutations

You have a pair of horns on your head.
You reflexively headbutt those who attack you in melee.
You possess an exceptional clarity of mind.
You are strong-willed. (Will+)


Message History

The iron dragon breathes metal splinters at you.
The spray of metal splinters hits you.
* * * LOW HITPOINT WARNING * * *
You hit the iron dragon but do no damage.
The iron dragon is heavily wounded.
Unknown command.
You hit the iron dragon but do no damage.
You headbutt the iron dragon!!
The iron dragon is severely wounded.
You block the iron dragon's attack. x2; The iron dragon misses you.
You puncture the iron dragon! You freeze the iron dragon.
You headbutt the iron dragon, but do no damage.
The iron dragon is severely wounded.
You block the iron dragon's attack. The iron dragon claws you!
* * * LOW HITPOINT WARNING * * *
The iron dragon misses you.
You hit the iron dragon but do no damage.
You headbutt the iron dragon, but do no damage.
The iron dragon is severely wounded.
You hit the iron dragon but do no damage.
The iron dragon is severely wounded.
The iron dragon bites you.
* * * LOW HITPOINT WARNING * * *
You block the iron dragon's attack. x2
You puncture the iron dragon! You freeze the iron dragon.
The iron dragon is almost dead.
You puncture the iron dragon! You freeze the iron dragon.
You kill the iron dragon!
You barely miss the spark wasp.
The spark wasp is lightly wounded.
The spark wasp stings you!
* * * LOW HITPOINT WARNING * * *
The spark wasp shocks you!
* * * LOW HITPOINT WARNING * * *
You hit the spark wasp but do no damage.
The spark wasp is lightly wounded.
The spark wasp stings you!
* * * LOW HITPOINT WARNING * * *
The spark wasp shocks you!
You die...

.......####)##...###.###.##..#.∩.
.......# #.##.### #.#....#..#...
.......# #.##.# ##)####.#..#...
......[####'##C# #..####'#..#...
.............#.# #.#.....#..#...
.............#.####.#.....#..####
.............#......#.........#.#
.............###†##.#.........#..
.............# #@##.#.........#.#
.............# #y##.#.........#.#
.............###.##.#...§.....#.#
..............##.#.['.......(y'..
....................#......y.y#.#
............................C.#'#
'#######....≈≈≈≈≈.....D§.........
.# ##..≈≈###≈#≈≈....§......... .#
#..≈≈###≈###≈≈.............


You could see a spark wasp.

Vanquished Creatures
  Mara (Swamp:4)
  A golden dragon (Depths:2)
  Arachne (Spider:2)
  Jorgrun (D:12)
  A lich (Depths:1)
  A walking earthen tome (Depths:2)
  Gastronok (Lair:1)
  2 sphinxes
  Agnes (D:15)
  Kirke (D:12)
  Donald (Spider:4)
  A storm dragon (Depths:2)
  3 frost giants
  5 fire giants
  An emperor scorpion (Spider:4)
  An iron dragon (Depths:2)
  2 ghost moths (Spider:2)
  Aizul (Spider:4)
  5 ghouls
  5 stone giants
  10 very ugly things
  The ghost of Festrykki the Earth Mage, a journeyman GrEE of Vehumet (D:15)
  2 vampire knights (Depths:2)
  A juggernaut skeleton (Depths:2)
  3 broodmothers
  2 eleionomae
  Azrael (Orc:2)
  4 entropy weavers (Spider:4)
  3 bunyips
  8 spark wasps
  2 green deaths (Swamp:4)
  4 ettins
  Snorg (D:12)
  3 fire dragons
  3 great orbs of eyes
  Erolcha (D:12)
  3 jiangshi (Depths:2)
  16 hydras
  3 rakshasas
  11 boulder beetles
  4 vault guards
  A radroach (shapeshifter) (Depths:1)
  3 spriggan air magi (Depths:2)
  A jorogumo (Spider:3)
  5 ogre magi
  A radroach (Spider:3)
  A hell beast (Swamp:4)
  A catoblepas (D:13)
  A ghost crab (Swamp:2)
  Erica (D:8)
  12 alligators
  17 two-headed ogres
  A death knight (D:13)
  5 centaur warriors
  A two-headed ogre (shapeshifter) (D:15)
  4 deep troll shamans
  2 spriggan berserkers
  2 deep troll earth magi (Depths:2)
  3 tengu warriors
  9 death yaks
  3 vampire magi (Depths:2)
  2 titan skeletons (Depths:2)
  4 sun moths
  5 pharaoh ants
  4 iron trolls (Depths:1)
  A fire crab (Lair:4)
  5 skeletal warriors
  A storm dragon skeleton (Depths:2)
  A goliath frog (Swamp:1)
  9 deep trolls
  8 bog bodies
  4 spriggan druids
  10 steelbarb worms
  A glowing orange brain (Depths:2)
  A lindwurm (Lair:6)
  7 orb spiders
  7 swamp dragons
  4 orc knights
  A wizard (D:15)
  A deep elf archer (D:14)
  19 wolf spiders
  A deep elf zephyrmancer (D:15)
  9 cyclopes
  A wolf spider (shapeshifter) (Depths:1)
  3 necromancers
  34 ugly things
  3 deep elf pyromancers
  A shadow dragon skeleton (Depths:2)
  2 orc sorcerers
  A frost giant zombie (Depths:2)
  An iron dragon zombie (Depths:2)
  3 manticores
  3 moths of wrath
  20 elephants
  A fire giant skeleton (Depths:2)
  Maurice (D:8)
  A smoke demon (Depths:2)
  A rust devil (Depths:2)
  7 black mambas
  Joseph (Lair:1)
  15 cane toads
  A frost giant skeleton (Depths:2)
  A gargoyle (D:11)
  3 centaur skeletons (D:15)
  10 torpor snails
  8 demonic crawlers
  An efreet (D:15)
  2 large abominations (Swamp:4)
  A yaktaur (D:14)
  A rime drake (shapeshifter) (D:14)
  2 orange demons
  5 rime drakes
  Maggie (Lair:1)
  3 kobold demonologists
  A freezing wraith (D:14)
  7 komodo dragons
  A tormentor (Depths:2)
  A tengu conjurer (D:14)
  2 trolls (D:12)
  17 meliai
  A wolf spider simulacrum (D:15)
  A meliai (shapeshifter) (D:14)
  8 hornets
  7 polar bears
  10 tyrant leeches
  14 blink frogs
  9 slime creatures
  11 tarantellas
  2 dream sheep (D:13)
  A raiju (shapeshifter) (D:13)
  2 spriggans
  22 culicivoras
  A centaur simulacrum (D:15)
  18 jumping spiders
  9 shadows
  18 wyverns
  3 water elementals (Depths:2)
  A human (D:14)
  28 yaks
  2 vampires
  3 fire elementals (Orc:2)
  4 wraiths
  A hog (D:12)
  4 basilisks
  2 steam dragons
  A redback (shapeshifter) (D:13)
  40 redbacks
  A chaos spawn (Depths:2)
  13 vampire mosquitoes
  Menkaure (D:5)
  11 swamp worms
  A hell hound (Orc:2)
  A floating eye (Depths:2)
  22 water moccasins
  An ice beast (D:7)
  21 orc warriors
  2 necrophages
  4 swamp drakes
  26 ogres
  8 centaurs
  8 wolves
  A phantom (D:4)
  9 kobold brigands
  2 gnoll sergeants
  12 bullfrogs
  3 scorpions
  A water moccasin skeleton (D:6)
  6 wights
  3 howler monkeys
  An electric eel (D:8)
  A bullfrog zombie (D:6)
  A centaur zombie (D:9)
  3 hounds
  17 jellies
  9 orc priests
  Terence (D:3)
  2 iguanas
  14 orc wizards
  A hound zombie (D:5)
  A howler monkey zombie (D:9)
  5 gnolls
  12 adders
  A howler monkey skeleton (D:5)
  2 white imps
  4 ufetubi
  An adder skeleton (D:4)
  3 worms
  A dart slug (D:1)
  79 orcs
  7 endoplasms
  5 giant cockroaches
  10 goblins
  9 hobgoblins
  A jackal (D:4)
  25 kobolds
  3 quokkas
  8 ball pythons
  3 bats (D:1)
  5 frilled lizards
  5 rats
1088 creatures vanquished.

Vanquished Creatures (collateral kills)
  A fire dragon (Lair:6)
  An ettin (Depths:1)
  A hydra (Swamp:4)
  A boulder beetle (Lair:5)
  A goliath frog (Swamp:2)
  2 bog bodies
  A swamp dragon (Swamp:4)
  A deep elf pyromancer (D:15)
  A wolf spider (Lair:6)
  2 ugly things (Swamp:4)
  A guardian serpent (Lair:6)
  2 cane toads (Lair:6)
  A kobold demonologist (D:13)
  3 hornets
  2 blink frogs (Lair:4)
  A tarantella (Spider:1)
  3 slime creatures (Swamp:4)
  A spriggan (Swamp:2)
  A hog (D:12)
  5 redbacks (Lair:6)
  2 water moccasins (Lair:6)
  A centaur (D:15)
  2 gnolls (D:10)
  15 ballistomycete spores
52 creatures vanquished.

Vanquished Creatures (others)
  A lich (Depths:2)
  An eleionoma (Swamp:3)
  A shambling mangrove (Swamp:3)
  2 bog bodies (Swamp:3)
  A swamp dragon (Swamp:3)
  3 oklob plants
  A will-o-the-wisp (Swamp:3)
  4 bloated husks
  6 hornets (Swamp:3)
  A polar bear (Lair:2)
  A blink frog (Lair:4)
  2 spriggans (Swamp:3)
  A swamp worm (Swamp:3)
  An orc (D:7)
  A ballistomycete spore (Lair:6)
  2 foxfires (Swamp:3)
  54 fungi
  105 plants
188 creatures vanquished.

Grand Total: 1328 creatures vanquished

Notes
Turn   | Place    | Note
-------+----------+-------------------------------------------
     0 | D:1      | Grim the Minotaur Fighter began the quest for the Orb.
     0 | D:1      | Reached XP level 1. HP: 19/19 MP: 0/0
   177 | D:1      | Reached XP level 2. HP: 26/26 MP: 1/1
   348 | D:1      | Found a faded altar of an unknown god.
   519 | D:1      | Reached XP level 3. HP: 31/31 MP: 2/2
  1974 | D:3      | Reached skill level 5 in Polearms
  1974 | D:3      | Reached XP level 4. HP: 34/39 MP: 3/3
  2159 | D:3      | Noticed Terence
  2167 | D:3      | Killed Terence
  2396 | D:3      | Reached XP level 5. HP: 29/45 MP: 4/4
  2921 | D:4      | Found an opulent altar of Gozag.
  2950 | D:4      | Noticed a phantom
  2963 | D:4      | Killed a phantom
  3170 | D:4      | Reached XP level 6. HP: 43/51 MP: 5/5
  3251 | D:4      | Found Aceq's Book Emporium.
  3648 | D:4      | Reached XP level 7. HP: 37/57 MP: 6/6
  3915 | D:4      | Reached skill level 10 in Polearms
  4163 | D:4      | Found a shimmering blue altar of Sif Muna.
  4377 | D:5      | Entered Level 5 of the Dungeon
  4669 | D:5      | Found Masup's Distillery.
  4875 | D:5      | Found a shimmering altar of Xom.
  5029 | D:5      | Noticed Menkaure
  5044 | D:5      | Killed Menkaure
  5045 | D:5      | Reached XP level 8. HP: 64/64 MP: 4/7
  6149 | D:6      | Found a staircase to the Ecumenical Temple.
  6158 | Temple   | Entered the Ecumenical Temple
  6568 | D:6      | Found a runed translucent gate.
  6569 | D:6      | Found a runed translucent gate.
  6569 | D:6      | Found a runed translucent gate.
  6572 | D:6      | Noticed Lekart's ghost (novice DrAK)
  7009 | D:7      | Found a blossoming altar of Fedhas.
  7019 | D:7      | Became a worshipper of Fedhas Madash
  7227 | D:7      | Reached skill level 1 in Invocations
  7513 | D:6      | Reached XP level 9. HP: 33/70 MP: 9/9
  7782 | D:7      | Found a glowing silver altar of Zin.
  7799 | D:7      | Reached skill level 2 in Invocations
  8063 | D:7      | Reached skill level 3 in Invocations
  8130 | D:7      | Found a white marble altar of Elyvilon.
  8270 | D:7      | Found a basalt altar of Yredelemnul.
  8412 | D:8      | Found an iron altar of Okawaru.
  8415 | D:8      | Found a flagged portal.
  8522 | D:8      | Found a snail-covered altar of Cheibriados.
  8554 | Bailey   | Entered a bailey
  8587 | Bailey   | Reached skill level 5 in Fighting
  8892 | D:8      | Found Okloginn's Book Shoppe.
  8925 | D:7      | Reached * piety under Fedhas
  8926 | D:7      | Reached skill level 4 in Invocations
  9067 | D:8      | Found a sparkling altar of Nemelex Xobeh.
  9596 | D:7      | Reached skill level 5 in Invocations
  9652 | D:8      | Noticed Maurice
  9821 | D:8      | Noticed Erica
 10000 | D:8      | Killed Maurice
 10001 | D:8      | Reached XP level 10. HP: 78/90 MP: 12/13
 10221 | D:8      | Killed Erica
 10308 | D:8      | Reached skill level 6 in Invocations
 10421 | D:8      | Found a sacrificial altar of Ru.
 10466 | D:8      | Found a radiant altar of Vehumet.
 10571 | D:9      | Found a stormy altar of Qazlal.
 10678 | D:9      | Found a burning altar of Makhleb.
 10681 | D:9      | Noticed a two-headed ogre
 10771 | D:9      | Found a hazy altar of Hepliaklqana.
 10792 | D:9      | Reached skill level 10 in Fighting
 11053 | D:9      | Found Wugyr's Book Boutique.
 11081 | D:9      | Found a bloodstained altar of Trog.
 11158 | D:9      | Reached ** piety under Fedhas
 11212 | D:9      | Killed a two-headed ogre
 11213 | D:9      | Reached skill level 5 in Armour
 11269 | D:9      | Reached skill level 7 in Invocations
 11632 | D:10     | Entered Level 10 of the Dungeon
 12440 | D:10     | Reached XP level 11. HP: 86/99 MP: 15/15
 12685 | D:11     | Noticed an oklob plant
 12689 | D:11     | Found a staircase to the Lair.
 13253 | D:11     | Reached skill level 8 in Invocations
 13506 | D:11     | Found a staircase to the Orcish Mines.
 13744 | D:11     | Reached *** piety under Fedhas
 14061 | D:12     | Noticed Jorgrun
 14080 | D:12     | Killed Jorgrun
 14081 | D:12     | Reached skill level 10 in Armour
 14083 | D:12     | Noticed a boulder beetle
 14308 | D:11     | Killed an oklob plant
 14427 | D:12     | Killed a boulder beetle
 14428 | D:12     | Reached skill level 1 in Throwing
 14428 | D:12     | Reached skill level 1 in Dodging
 14864 | D:12     | Noticed Kirke
 14878 | D:12     | Reached skill level 9 in Invocations
 14913 | D:12     | Noticed a lindwurm
 15229 | D:12     | Noticed a deep elf pyromancer
 15277 | D:12     | Killed a deep elf pyromancer
 16018 | D:12     | Noticed Erolcha
 16036 | D:12     | Killed Erolcha
 16060 | D:12     | Noticed Snorg
 16106 | D:12     | Killed Snorg
 16107 | D:12     | Reached skill level 5 in Dodging
 16107 | D:12     | Reached XP level 12. HP: 52/106 MP: 18/18
 16835 | D:12     | Noticed a sphinx
 16961 | D:12     | Killed Kirke
 17205 | Lair:1   | Entered Level 1 of the Lair of Beasts
 17317 | Lair:1   | Noticed Gastronok
 17353 | Lair:1   | Killed Gastronok
 17793 | Lair:1   | Reached skill level 10 in Invocations
 17838 | Lair:1   | Noticed Joseph
 17849 | Lair:1   | Killed Joseph
 17942 | Lair:1   | Noticed Maggie
 17967 | Lair:1   | Killed Maggie
 18180 | Lair:1   | Reached skill level 5 in Throwing
 19022 | Lair:2   | Found a hole to the Spider Nest.
 19416 | Lair:2   | You fall into a shaft and drop 2 floors!
 19675 | Lair:2   | Reached XP level 13. HP: 97/113 MP: 8/20
 19677 | Lair:2   | Reached skill level 10 in Dodging
 19829 | Lair:2   | Reached **** piety under Fedhas
 20115 | Lair:1   | Reached skill level 11 in Invocations
 22793 | Lair:4   | Found a staircase to the Swamp.
 22816 | Lair:4   | Reached skill level 12 in Invocations
 23368 | Lair:4   | Reached ***** piety under Fedhas
 23418 | Lair:4   | Found a runed translucent gate.
 23418 | Lair:4   | Found a runed translucent gate.
 23418 | Lair:4   | Found a runed translucent gate.
 23469 | Lair:4   | Identified 2 scrolls of acquirement
 23470 | Lair:4   | Acquired a manual of Invocations
 23471 | Lair:4   | Acquired 1158 gold pieces
 23772 | Lair:4   | Noticed Niulora's ghost (journeyman TeCj)
 24435 | Lair:5   | Found a staircase to the Slime Pits.
 24635 | Lair:5   | Reached XP level 14. HP: 90/121 MP: 22/22
 24955 | Lair:6   | Entered Level 6 of the Lair of Beasts
 25725 | Lair:5   | Reached skill level 13 in Invocations
 27641 | Lair:6   | Reached skill level 15 in Dodging
 27860 | Lair:6   | Reached skill level 14 in Invocations
 29235 | Lair:6   | Found a runed translucent door.
 29458 | Lair:6   | Reached skill level 15 in Invocations
 31648 | D:13     | Reached XP level 15. HP: 98/136 MP: 14/25
 32625 | D:13     | Found a one-way gate to the infinite horrors of the Abyss.
 32625 | D:13     | Noticed Grim's ghost (journeyman KoBr)
 32644 | D:13     | Found a transporter.
 32684 | D:13     | Identified the ring "Ugrod" {rF+ rN++ MP+9 Str+3}
 32686 | D:13     | Found a transporter.
 33388 | D:13     | Identified the ring "Ynwyfu" {rF+ MP+9}
 33413 | D:13     | Reached skill level 16 in Invocations
 35403 | D:14     | Found Odoecar's Book Shop.
 35498 | D:14     | Gained mutation: You are clumsy. (Dex -2) [a neqoxec]
 35619 | D:14     | Found a gate to the Vaults.
 35635 | D:14     | Reached skill level 15 in Fighting
 36259 | D:15     | Entered Level 15 of the Dungeon
 36588 | D:15     | Found a runed translucent gate.
 36614 | D:15     | Found a runed translucent gate.
 36663 | D:15     | Found a runed translucent gate.
 36663 | D:15     | Noticed Festrykki's ghost (journeyman GrEE)
 36675 | D:15     | Noticed a fire giant
 36859 | D:15     | Killed a fire giant
 37034 | D:15     | Noticed Agnes
 37043 | D:15     | Killed Agnes
 37053 | D:15     | Identified Roxanne's Tome of Shape Shifting
 37053 | D:15     | Noticed Roxanne
 37089 | D:15     | Reached skill level 17 in Invocations
 37710 | D:15     | Found a staircase to the Depths.
 38241 | D:15     | Killed Festrykki's ghost
 38618 | Orc:1    | Entered Level 1 of the Orcish Mines
 38623 | Orc:1    | Found Atotyem's Antique Weapon Shoppe.
 38850 | Orc:1    | Found Vamme's Jewellery Boutique.
 38896 | Orc:1    | Bought the amulet "Rukhlen Xuepu" {Reflect Str+4 SH+5} for
                  | 635 gold pieces
 38896 | Orc:1    | Bought the ring "Luakiu" {EV+4 Slay+3} for 778 gold pieces
 38977 | Orc:1    | Found Wakkyl's Armour Shoppe.
 38996 | Orc:1    | Found Bugoca's Antique Weapon Boutique.
 39657 | Orc:2    | Entered Level 2 of the Orcish Mines
 39727 | Orc:1    | Reached skill level 5 in Shields
 39831 | Orc:1    | Reached XP level 16. HP: 139/152 MP: 16/27
 40322 | Orc:2    | Found Giyhowaj's Jewellery Shoppe.
 40322 | Orc:2    | Found Qug Vilu's General Store.
 40323 | Orc:2    | Found Etolul's Magic Scroll Shop.
 40323 | Orc:2    | Found Taucw's Jewellery Shoppe.
 40324 | Orc:2    | Noticed Azrael
 40339 | Orc:2    | Killed Azrael
 40828 | Orc:2    | Found a staircase to the Elven Halls.
 41582 | Swamp:1  | Entered Level 1 of the Swamp
 42666 | Lair:4   | Reached skill level 10 in Shields
 46273 | Swamp:4  | Entered Level 4 of the Swamp
 47115 | Swamp:4  | Noticed Mara
 47122 | Swamp:4  | Noticed Grim's illusion
 47179 | Swamp:4  | Killed Mara
 47180 | Swamp:4  | Reached XP level 17. HP: 81/160 MP: 15/28
 47442 | Swamp:4  | Reached skill level 1 in Evocations
 48161 | Swamp:4  | Got a decaying rune of Zot
 48503 | Spider:1 | Entered Level 1 of the Spider Nest
 48702 | Spider:1 | Reached skill level 5 in Evocations
 50308 | Spider:2 | Noticed Arachne
 50318 | Spider:2 | Killed Arachne
 50457 | Spider:2 | Lost mutation: You are clumsy. (Dex -2) [potion of
                  | mutation]
 50457 | Spider:2 | Gained mutation: You are strong-willed. (Will+) [potion of
                  | mutation]
 50457 | Spider:2 | Gained mutation: You possess an exceptional clarity of
                  | mind. [potion of mutation]
 51755 | Spider:2 | Reached skill level 15 in Armour
 52728 | Spider:3 | Learned a level 1 spell: Apportation
 54036 | Spider:4 | Entered Level 4 of the Spider Nest
 54294 | Spider:4 | Noticed Aizul
 54329 | Spider:4 | Killed Aizul
 54836 | Spider:4 | Paralysed by a jorogumo for 3 turns
 55373 | Spider:3 | Reached XP level 18. HP: 49/165 MP: 0/29
 57519 | Spider:4 | Reached skill level 10 in Evocations
 57586 | Spider:4 | Noticed Donald
 57764 | Spider:4 | Killed Donald
 59354 | Spider:4 | HP: 5/168 [entropy weaver (12)]
 59733 | Spider:4 | Got a gossamer rune of Zot
 60169 | Depths:1 | Entered Level 1 of the Depths
 60969 | Depths:1 | Noticed a lich
 60992 | Depths:1 | Killed a lich
 61307 | Depths:1 | Reached skill level 10 in Throwing
 61724 | Depths:1 | Reached skill level 18 in Invocations
 62938 | Orc:1    | Bought a ring of resist corrosion for 280 gold pieces
 63109 | Temple   | Fell from the grace of Fedhas
 63109 | Temple   | Became a worshipper of the Shining One
 63359 | Depths:1 | Found a gateway to Hell.
 64364 | Depths:2 | Reached * piety under the Shining One
 65454 | Depths:2 | Reached XP level 19. HP: 87/174 MP: 14/31
 65461 | Depths:2 | Paralysed by a floating eye for 4 turns
 66138 | Depths:2 | Reached ** piety under the Shining One
 68032 | Depths:2 | Reached skill level 19 in Invocations
 68122 | Depths:2 | Reached *** piety under the Shining One
 68691 | Depths:2 | Found a one-way gate leading to the halls of Pandemonium.
 68959 | Depths:2 | Noticed a golden dragon
 69015 | Depths:2 | Killed a golden dragon
 69028 | Depths:2 | Noticed a juggernaut
 69238 | Depths:2 | HP: 3/174 [spark wasp (7)]
 69238 | Depths:2 | Mangled by a spark wasp

Illustrated notes

Levels and vault maps discovered:
D:1:      psy_arrival_spokes, layout_loops_corners, basic_ecumenical_altar
D:2:      layout_basic, serial_bayou_lake_a
D:3:      layout_rooms, minmay_fractal_squares_5, uniq_terence
D:4:      minmay_razor_zed, layout_basic, kennysheep_orc_sif_temple,
          mainiacjoe_overflow_cross_hatched, serial_shops, shop
D:5:      layout_gridville, xom_teletrap_fun, serial_shops,
          nicolae_shop_behind_doors, serial_co_window_serial, co_window_paths_b,
          co_window_paths_b, co_window_corner_a, co_window_corner_a,
          co_window_corner_a, co_window_of_opportunity_c, co_window_paths_c,
          co_window_corner_ca, co_window_4corner_b, co_window_paths_e,
          glass_columns_c, uniq_menkaure
D:6:      layout_basic, temple_green, gammafunk_ghost_necromancy, minivault_23,
          minivault_23, st_stairs_5
D:7:      layout_basic, kennysheep_ying_yang, fedhas_altar_2,
          mainiacjoe_overflow_boulevard
D:8:      layout_cave_pools, lemuel_crystal_altar, general_overflow_altar,
          slow_altar_1, kennysheep_mini, nicolae_vehumet_altar_sigil,
          enter_bailey_8, st_stairs_8, nicolae_wooded_promenade, uniq_maurice,
          uniq_erica
D:9:      layout_rooms, old_standard_altar, mainiacjoe_overflow_small_starburst,
          lemuel_tele_altar, bloody_makhleb, nicolae_take_the_stairs
D:10:     layout_basic
D:11:     layout_roguey, dpeg_oklobed_lair, david_orc_5, serial_curves,
          eino_curves_02, eino_curves_02
D:12:     layout_stronghold, drop_trap, uniq_jorgrun, uniq_erolcha, uniq_kirke,
          uniq_snorg
D:13:     kennysheep_scales, layout_loops_ring, gammafunk_ghost_abyssal_escape,
          st_stairs_13, hangedman_ranch
D:14:     layout_cave_pools, grunt_vaults_entry_fortified, serial_shops, shop,
          minmay_misc_feat_alley
D:15:     grunt_enter_depths_magical_seal, layout_rooms,
          gammafunk_ghost_hydra_chop, okawaru_altar_gauntlet_db, uniq_agnes,
          uniq_roxanne, uniq_rupert
Temple:   corrupted_temple
Lair:1:   layout_chaotic_city, uniq_gastronok, uniq_joseph, uniq_maggie
Lair:2:   layout_concentric_octagons, nicolae_spider_entry_tight_spaces,
          cheibrodos_lair_lostbears, serial_bayou_shore_b,
          infiniplex_staircase_pool_2, serial_bayou_shore_b, grunt_megastairs_5
Lair:3:   layout_misc_corridors
Lair:4:   layout_cave_shapes, swamp_mist_pool, gammafunk_ghost_icy,
          serial_bayou_shore_a
Lair:5:   layout_small_grid, minmay_slime_entry_jelly_boxes, grunt_megastairs_4
Lair:6:   wormcave, layout_cellular_growth, hangedman_lair_tendril_chambers
Swamp:1:  layout_basic_swamp, evilmike_swamp_ruin_rubble_1
Swamp:2:  layout_basic_swamp, nicolae_swamp_tree_designs, swamp_pool4
Swamp:3:  layout_falls_marsh, serial_swamp_ruin, evilmike_swamp_ruin_house_4,
          evilmike_swamp_ruin_rubble_2
Swamp:4:  swamp_vile, layout_basic_swamp, swamp_pool1, uniq_mara
Spider:1: layout_chambers, hangedman_spider_tarantella_strand
Spider:2: layout_chambers, uniq_arachne
Spider:3: layout_chambers
Spider:4: hellmonk_spider_rune_bug_friends, uniq_aizul, uniq_donald
Orc:1:    nicolae_orc_accident_1, layout_diamond_mine, serial_shops, shop,
          nicolae_square_shop, nicolae_diamond_shop, shop
Orc:2:    st_orc_ogre_mass, layout_caves, uniq_azrael
Depths:1: layout_honeycomb, hangedman_abyss_entry_splay, hell_entry,
          serial_sigils_hangedman_quiver, due_unseen_surprise
Depths:2: minmay_expanding_squares, layout_gridlike, pf_coc_iceberg,
          rand_demon_pan_entry_1, hex_intersection, kennysheep_generic_room_13

Skill      XL: |  1  2  3  4  5  6  7  8  9 10 11 12 13 14 15 16 17 18 19 |
---------------+----------------------------------------------------------+-----
Polearms       | 3 4 5 6 7 9 11 13 14 | 14.0
Invocations    | 1 5 7 9 10 12 15 17 18 19 | 19.4
Fighting       | 8 10 13 16 | 16.7
Armour         | 7 10 13 15 | 15.0
Throwing       | 3 6 7 11 | 11.0
Dodging        | 5 9 13 15 16 | 16.6
Shields        | 5 13 | 13.2
Evocations     | 9 10 | 10.4

Action                   |  1- 3 |  4- 6 |  7- 9 | 10-12 | 13-15 | 16-18 | 19-21 || total
-------------------------+-------+-------+-------+-------+-------+-------+-------++-------
Melee: Trident           |    91 |   145 |   150 |       |       |       |       ||   386
       Headbutt          |     9 |    14 |    36 |   161 |   461 |   572 |   129 ||  1382
       Spear             |       |       |   144 |   773 |  1860 |  2238 |   326 ||  5341
Throw: Dart              |       |       |    26 |     9 |       |     2 |     4 ||    41
       Boomerang         |       |       |    29 |    35 |    51 |   200 |    78 ||   393
       Javelin           |       |       |       |    10 |       |       |    10 ||    20
       Throwing net      |       |       |       |       |       |     5 |       ||     5
Invok: Wall of Briars    |       |       |       |    10 |    16 |    23 |       ||    49
       Grow Ballistomyce |       |       |       |     2 |     3 |     1 |       ||     6
       Grow Oklob        |       |       |       |       |     3 |     2 |       ||     5
       Overgrow          |       |       |       |       |     4 |     5 |       ||     9
       Divine Shield     |       |       |       |       |       |     2 |     3 ||     5
Evoke: Wand              |       |       |     1 |    15 |       |     8 |    12 ||    36
  Use: Potion            |       |     1 |     1 |     1 |     5 |     7 |     1 ||    16
       Scroll            |       |       |     7 |     7 |    21 |     9 |     4 ||    48
 Stab: Paralysed         |       |       |     5 |       |       |       |       ||     5
       Confused          |       |       |       |     1 |     1 |     4 |       ||     6
       Invisible         |       |       |       |       |     6 |       |       ||     6
       Distracted        |       |       |       |       |     1 |     2 |       ||     3
       Held in net/web   |       |       |       |       |       |     4 |       ||     4
Armor: Scale mail        |    35 |    37 |    19 |       |       |       |       ||    91
       Plate armour      |       |       |    47 |   295 |   339 |       |       ||   681
       Chain mail        |       |       |     7 |       |       |       |       ||     7
       Quicksilver drago |       |       |       |       |   180 |   411 |    44 ||   635
Dodge: Dodged            |    26 |    44 |    84 |   170 |   597 |   705 |    71 ||  1697
Block: Buckler           |     8 |    29 |    39 |    87 |   188 |    42 |       ||   393
       Tower shield      |       |       |       |       |       |  1646 |   210 ||  1856
       Reflection        |       |       |       |       |       |    14 |     5 ||    19

Table legend: (Time is in decaauts)
 A = Elapsed time spent in this place.
 B = Non-inter-level travel time spent in this place.
 C = Inter-level travel time spent in this place.
 D = Time resting spent in this place.
 E = Time spent auto-exploring this place.
 F = Levels seen in this place.
 G = Mean time per level.
                   A        B        C        D        E       F      G
               +--------+--------+--------+--------+--------+-----+--------+
         Total |  67915 |  64808 |   3107 |  26179 |  29301 |  35 | 1940.4 |
       Dungeon |  25672 |  23926 |   1746 |   8969 |  11563 |  15 | 1711.5 |
        Temple |    138 |     91 |     47 |      0 |     22 |   1 |  138.0 |
          Lair |  13650 |  13093 |    557 |   6077 |   5161 |   6 | 2275.0 |
         Swamp |   6453 |   6326 |    127 |   1719 |   3648 |   4 | 1613.2 |
   Spider Nest |  11302 |  10898 |    404 |   4067 |   5502 |   4 | 2825.5 |
  Orcish Mines |   2536 |   2400 |    136 |    730 |   1298 |   2 | 1268.0 |
        Depths |   8113 |   8026 |     87 |   4615 |   2093 |   2 | 4056.5 |
        Bailey |     47 |     47 |      0 |      0 |     10 |   1 |   47.0 |
               +--------+--------+--------+--------+--------+-----+--------+

Top non-repeatable levels by time:
Depths:1: 5338 daAuts
Spider:3: 4647 daAuts
    D:12: 3818 daAuts
    D:13: 3103 daAuts
Depths:2: 2775 daAuts
  Lair:6: 2692 daAuts
  Lair:4: 2515 daAuts
Spider:4: 2470 daAuts
  Lair:5: 2403 daAuts
Spider:2: 2386 daAuts
  Lair:1: 2234 daAuts
 Swamp:4: 2198 daAuts
    D:15: 2166 daAuts
     D:7: 2094 daAuts
    D:14: 2056 daAuts
